 Dungeon Crawl Stone Soup version 0.31-a0-240-gb923e448b6 (webtiles) character file.

Game seed: 4684835572072488300

1702 qw the Skirmisher (level 8, -9/70 HPs)
             Began as a Minotaur Hexslinger on July 11, 2023.
             Was a Follower of Okawaru.
             Mangled by a yak (10 damage)
             ... on level 6 of the Dungeon.
             The game lasted 00:02:23 (4602 turns).

qw the Skirmisher (Minotaur Hexslinger)             Turns: 4602, Time: 00:02:24

Health: -9/70      AC: 12    Str: 13    XL:     8   Next: 73%
Magic:  6/8        EV: 14    Int: 10    God:    Okawaru [*.....]
Gold:   192        SH:  0    Dex: 15    Spells: 8/9 levels left

rFire   . . .        Y - +1 sling (drain)
rCold   + . .        (no shield)
rNeg    . . .        m - +0 ring mail
rPois   .            (helmet restricted)
rElec   .            (no cloak)
rCorr   .            g - +2 pair of gloves
SInv    .            j - +0 pair of boots
Will    .....        b - amulet of the acrobat
Stlth   ++           f - ring of protection from cold
HPRegen 0.31/turn    (no ring)
MPRegen 0.11/turn

%: acrobat
@: about to teleport, heroic
A: horns 2, retaliatory headbutt
a: Renounce Religion, Heroism


You were on level 6 of the Dungeon.
You worshipped Okawaru.
Okawaru was aware of your devotion.
You visited 2 branches of the dungeon, and saw 7 of its levels.
You also visited: Ossuary.

You collected 210 gold pieces.
You spent 18 gold pieces at shops.


Innate Abilities, Weirdness & Mutations

You have a pair of horns on your head.
You reflexively headbutt those who attack you in melee.


   Skills:
 + Level 6.2(11.2) Fighting
 - Level 13.1(18.1) Ranged Weapons
 - Level 6.0(11.0) Armour
 - Level 3.3(8.3) Dodging
 - Level 1.0 Spellcasting
 - Level 2.0 Hexes
 + Level 0.0 Invocations


You had 8 spell levels left.
You knew the following spells:

 Your Spells              Type           Power      Damage    Failure   Level
a - Slow                  Hex            16%        N/A       26%         1

Your spell library contained the following spells:

 Spells                   Type           Power      Damage    Failure   Level
 Inner Flame              Hex/Fire       2%         N/A       77%         3
 Portal Projectile        Hex/Tloc       4%         N/A       77%         3
 Cause Fear               Hex            2%         N/A       95%         4

Inventory:

Hand Weapons
 Y - a +1 sling of draining (weapon)
Armour
 g - a +2 pair of gloves (worn)
 j - a +0 pair of boots (worn)
 m - a +0 ring mail (worn)
Jewellery
 b - an amulet of the acrobat (around neck)
 f - a ring of protection from cold (left hand)
Wands
 h - a wand of digging (6)
Scrolls
 a - 4 scrolls of teleportation
 d - 2 scrolls of identify
Potions
 c - 2 potions of enlightenment
 i - 2 potions of curing
 k - a potion of mutation
 l - a potion of might

Dungeon Overview and Level Annotations

Branches:
Dungeon (6/15)             Temple (1/1) D:5         Ossuary (visited)

Altars:
Ashenzari
Dithmenos
Elyvilon
Fedhas
Gozag
Hepliaklqana
Kikubaaqudgha
Makhleb
Nemelex Xobeh
Okawaru
Qazlal
Ru
Sif Muna
Trog
Uskayaw
Vehumet
Wu Jian
Yredelemnul
Zin
The Shining One

Shops:
D:4 (:   D:5 *   D:6 *


Message History

The two-headed ogre is almost dead.
The two-headed ogre hits you with a +0 giant club!
The two-headed ogre hits you with a +0 giant spiked club!
You shoot a sling bullet.
The sling bullet closely misses the two-headed ogre.
The two-headed ogre hits you with a +0 giant club!
The two-headed ogre barely misses you.
4594 ||| READING 6 scrolls of teleportation.
As you read the scroll of teleportation, it crumbles to dust.
You feel strangely unstable.
You shoot a sling bullet.
The sling bullet hits the two-headed ogre.
You kill the two-headed ogre!
Okawaru is honoured by your kill.
You can now gain great but temporary skills.
Your Armour skill gained 4 levels and is now at level 6!
You start resting.
Your surroundings suddenly seem different.
A yak and a white imp come into view.
Found a stone staircase leading up.
The yak bellows!
The white imp shouts!
You hear a shout!
You hear an angry hiss.
You hear a bark!
You hear an angry hiss.
The white imp shouts, "Leave, thou hateful fly-bitten baggage!"
An orc comes into view. It is wielding a +0 flail.
A bullfrog comes into view.
You hear an angry growl.
4600 ||| READING 5 scrolls of teleportation.
As you read the scroll of teleportation, it crumbles to dust.
You feel strangely unstable. The white imp gestures at you.
The puff of frost hits you but does no damage.
4601 ||| INVOKING Heroism.
You gain the combat prowess of a mighty hero.
The yak gores you! The white imp spits at you.
The white imp closely misses you.
You shoot a sling bullet. The sling bullet hits the yak.
The yak is lightly wounded.
The yak gores you!
You die...

#.#.... ..##
#..##.#.
#.#....
....#......
.#.#.....###
..#....<..
.......#
......#
#Y..# #@.#
##5# ..#
...o .....
.......
......#
##....#


You could see a yak, a white imp and an orc.

Vanquished Creatures
  A two-headed ogre (D:6)
  An ice beast (D:5)
  An ogre (D:4)
  2 elf zombies (Ossuary)
  3 hounds (D:4)
  3 orc priests
  A centaur zombie (Ossuary)
  A human zombie (Ossuary)
  2 jellies
  2 iguanas
  A sleepcap (D:4)
  2 orc wizards
  3 hound zombies (Ossuary)
  3 mummies (Ossuary)
  3 gnolls (D:4)
  4 adders
  A white imp (D:6)
  An ufetubus (D:5)
  2 worms
  5 dart slugs
  11 orcs
  9 ball pythons
  4 bats
  11 endoplasms
  3 giant cockroaches
  2 gnoll zombies (Ossuary)
  11 goblins
  9 hobgoblins
  4 jackals
  6 kobolds
  5 quokkas
  3 frilled lizards
  5 goblin zombies (Ossuary)
  2 hobgoblin zombies (Ossuary)
  6 jackal zombies (Ossuary)
  2 kobold zombies (Ossuary)
  2 orc zombies (Ossuary)
  7 quokka zombies (Ossuary)
  5 rats
  4 rat zombies (Ossuary)
153 creatures vanquished.

Notes
Turn   | Place    | Note
-------+----------+-------------------------------------------
     0 | D:1      | qw the Minotaur Hexslinger began the quest for the Orb.
     0 | D:1      | Reached XP level 1. HP: 16/16 MP: 1/1
     0 | D:1      | 0 ||| qw: Version: 0.3-a-52-g30416fa
     0 | D:1      | 0 ||| qw: Game counter: 6103
     0 | D:1      | 0 ||| qw: Melee chars always use a shield: true
     0 | D:1      | 0 ||| qw: God list: Okawaru
     0 | D:1      | 0 ||| qw: Allow faded altars: false
     0 | D:1      | 0 ||| qw: Do Orc after clearing Dungeon:15 true
     0 | D:1      | 0 ||| qw: Do second Lair branch before Depths: true
     0 | D:1      | 0 ||| qw: Lair rune preference: random
     0 | D:1      | 0 ||| qw: Goals: Normal
     0 | D:1      | 0 ||| PLANNING D:1-11
   100 | D:1      | Reached skill level 3 in Ranged Weapons
   101 | D:1      | Reached XP level 2. HP: 23/23 MP: 2/2
   294 | D:1      | Reached XP level 3. HP: 29/29 MP: 3/3
   509 | D:1      | 509 ||| READING 4 scrolls labelled ZOUHEI XEFAYRCH.
   514 | D:1      | 514 ||| READING scroll labelled YMINACH BICETE.
   515 | D:1      | 515 ||| DRINKING 2 lumpy inky potions.
   516 | D:1      | 516 ||| DROPPING scroll of poison.
   517 | D:1      | 517 ||| DROPPING potion of invisibility.
   655 | D:2      | 655 ||| READING scroll labelled LOJEUSHR TIMO.
   661 | D:2      | Reached skill level 4 in Ranged Weapons
   695 | D:2      | 695 ||| Stepping ~*~*~tactically~*~*~ (water).
   697 | D:2      | 697 ||| Stepping ~*~*~tactically~*~*~ (water).
   871 | D:2      | Reached XP level 4. HP: 36/36 MP: 4/4
  1277 | D:2      | 1277 ||| UPGRADING to +0 leather armour.
  1287 | D:2      | 1287 ||| DROPPING +0 robe.
  1288 | D:2      | 1288 ||| UPGRADING to amulet of the acrobat.
  1629 | D:3      | Found a sparkling altar of Nemelex Xobeh.
  1904 | D:3      | You fall into a shaft and drop 2 floors!
  1904 | D:5      | Entered Level 5 of the Dungeon
  1931 | D:5      | 1931 ||| UPGRADING to ring of protection from cold.
  1932 | D:5      | 1932 ||| READING scroll labelled ERAEG XIUHA.
  1933 | D:5      | 1933 ||| READING scroll labelled HUULOS OTOPN.
  1934 | D:5      | 1934 ||| READING scroll labelled AXTAGU YCSO ASOA.
  1935 | D:5      | 1935 ||| READING 2 scrolls of identify.
  1935 | D:5      | 1935 ||| IDENTIFYING smoky orange potion
  1936 | D:5      | 1936 ||| DRINKING potion of experience.
  1936 | D:5      | Reached skill level 13 in Ranged Weapons
  1936 | D:5      | Reached XP level 5. HP: 41/41 MP: 5/5
  1947 | D:4      | Noticed an ogre
  1947 | D:4      | Found Holywkeq's Weapon Boutique.
  1948 | D:4      | 1948 ||| PLANNING OSSUARY
  1951 | D:4      | Killed an ogre
  1952 | D:4      | Reached XP level 6. HP: 50/50 MP: 6/6
  1971 | D:4      | Reached skill level 3 in Fighting
  2153 | D:4      | Found Zahunisy's Tiny Tomes.
  2175 | D:4      | 2175 ||| Stepping ~*~*~tactically~*~*~ (outnumbered).
  2178 | D:4      | 2178 ||| Stepping ~*~*~tactically~*~*~ (outnumbered).
  2180 | D:4      | 2180 ||| Stepping ~*~*~tactically~*~*~ (outnumbered).
  2413 | D:4      | Found a sand-covered staircase.
  2414 | D:4      | 2414 ||| DRINKING 3 fuming grey potions.
  2419 | Ossuary  | Entered an ossuary
  2461 | Ossuary  | Reached XP level 7. HP: 60/60 MP: 7/7
  2569 | Ossuary  | HP: 15/60 [elf zombie (7)]
  2570 | Ossuary  | 2570 ||| READING 4 scrolls of teleportation.
  2574 | Ossuary  | HP: 15/60 [elf zombie (1)]
  2617 | Ossuary  | 2617 ||| FLEEEEING.
  2618 | Ossuary  | 2618 ||| FLEEEEING.
  2916 | Ossuary  | Reached skill level 3 in Dodging
  3060 | Ossuary  | Reached skill level 1 in Armour
  3136 | Ossuary  | 3136 ||| READING scroll labelled ERUM HEQAQIU.
  3137 | Ossuary  | 3137 ||| READING 3 scrolls of identify.
  3137 | Ossuary  | 3137 ||| IDENTIFYING dark potion
  3138 | Ossuary  | 3138 ||| READING 2 scrolls of identify.
  3138 | Ossuary  | 3138 ||| IDENTIFYING fuming coppery potion
  3139 | Ossuary  | 3139 ||| DROPPING potion of degeneration.
  3158 | D:4      | 3158 ||| PLANNING D:1-11
  3474 | D:4      | 3474 ||| FLEEEEING.
  3475 | D:4      | 3475 ||| FLEEEEING.
  3476 | D:4      | 3476 ||| FLEEEEING.
  3477 | D:4      | 3477 ||| FLEEEEING.
  3578 | D:4      | 3578 ||| UPGRADING to +2 pair of gloves.
  3763 | D:4      | 3763 ||| UPGRADING to +0 pair of boots.
  3768 | D:4      | 3768 ||| READING 2 scrolls of identify.
  3768 | D:4      | 3768 ||| IDENTIFYING viscous red potion
  3769 | D:4      | 3769 ||| DROPPING potion of brilliance.
  3940 | D:5      | Found Paygogiz's Assorted Antiques.
  3948 | D:5      | 3948 ||| BUYING viscous ruby potion (18 gold).
  3948 | D:5      | Bought a viscous ruby potion for 18 gold pieces
  4064 | D:5      | Found a staircase to the Ecumenical Temple.
  4065 | D:5      | 4065 ||| PLANNING TEMPLE
  4065 | D:5      | 4065 ||| READING 3 scrolls of identify.
  4065 | D:5      | 4065 ||| IDENTIFYING viscous ruby potion
  4077 | D:5      | Reached skill level 6 in Fighting
  4077 | D:5      | Reached XP level 8. HP: 70/70 MP: 8/8
  4084 | Temple   | Entered the Ecumenical Temple
  4084 | Temple   | Found a transporter.
  4084 | Temple   | Found a transporter.
  4086 | Temple   | Found a transporter.
  4086 | Temple   | Found a transporter.
  4096 | Temple   | 4096 ||| PLANNING D:1-11
  4111 | Temple   | 4111 ||| PLANNING OKAWARU WORSHIP
  4116 | Temple   | Became a worshipper of Warmaster Okawaru
  4117 | Temple   | 4117 ||| PLANNING D:1-11
  4296 | D:5      | 4296 ||| FLEEEEING.
  4297 | D:5      | 4297 ||| FLEEEEING.
  4298 | D:5      | 4298 ||| FLEEEEING.
  4306 | D:5      | 4306 ||| FLEEEEING.
  4307 | D:5      | 4307 ||| FLEEEEING.
  4308 | D:5      | 4308 ||| FLEEEEING.
  4309 | D:5      | 4309 ||| FLEEEEING.
  4310 | D:5      | 4310 ||| FLEEEEING.
  4311 | D:5      | 4311 ||| FLEEEEING.
  4312 | D:5      | 4312 ||| FLEEEEING.
  4313 | D:5      | 4313 ||| FLEEEEING.
  4493 | D:5      | 4493 ||| UPGRADING to +0 ring mail.
  4503 | D:5      | 4503 ||| DROPPING +0 leather armour.
  4504 | D:5      | 4504 ||| DRINKING 2 golden potions.
  4540 | D:6      | Found Zypru's Assorted Antiques.
  4547 | D:6      | Noticed a two-headed ogre
  4548 | D:6      | 4548 ||| Stepping ~*~*~tactically~*~*~ (outnumbered).
  4593 | D:6      | HP: 9/70 [two-headed ogre/+0 giant club (11)]
  4594 | D:6      | 4594 ||| READING 6 scrolls of teleportation.
  4595 | D:6      | Killed a two-headed ogre
  4595 | D:6      | Reached * piety under Okawaru
  4596 | D:6      | Reached skill level 6 in Armour
  4600 | D:6      | 4600 ||| READING 5 scrolls of teleportation.
  4601 | D:6      | 4601 ||| INVOKING Heroism.
  4601 | D:6      | HP: 1/70 [yak (10)]
  4602 | D:6      | Mangled by a yak

Levels and vault maps discovered:
D:1:      dpeg_arrival_concentric_ovals, layout_rooms,
          amcnicky_mini_rare_corridor_liquid
D:2:      layout_basic, serial_bayou_lake_a
D:3:      minmay_wonky_spiral, layout_basic, nemelex_diamond_rough_becter
D:4:      layout_basic, serial_shops, nicolae_shop_crystal, enter_ossuary_5,
          nicolae_shop_i_like_small_books_too
D:5:      layout_loops_ring, minmay_temple_entry_mini_moons, serial_shops, shop,
          wad_floor_pattern_untrapped
D:6:      layout_basic, serial_shops, nicolae_inconvenience_store,
          minmay_manual_moon
Temple:   hellmonk_temple_divided_pantheon

Skill      XL: |  1  2  3  4  5  6  7  8 |
---------------+-------------------------+-----
Ranged Weapons | 3 4 13 | 13.1
Fighting       | 2 4 6 |  6.2
Dodging        | 3 |  3.3
Armour         | 1 6 |  6.0
Spellcasting   | |  1.0
Hexes          | |  2.0

Action                     |  1- 3 |  4- 6 |  7- 9 || total
---------------------------+-------+-------+-------++-------
   Fire: Sling             |   122 |   145 |   291 ||   558
 Invoke: Heroism           |       |       |     1 ||     1
    Use: Scroll            |     3 |     4 |     8 ||    15
         Potion            |     1 |     2 |     1 ||     4
 Armour: Robe              |     3 |       |       ||     3
         Leather armour    |       |    11 |    14 ||    25
         Ring mail         |       |       |     2 ||     2
  Dodge: Dodged            |    17 |    39 |    48 ||   104

Table legend:
 A = Non-vault XP
 B = Vault XP
 C = Vault XP percentage of total XP
 D = Non-vault monster count
 E = Vault monster count
 F = Vault count percentage of total count
                 A         B        C        D         E       F
            +---------+---------+-------+---------+---------+-------
      Total |    1863 |     438 |  19.0 |     109 |      44 |  28.8
            +---------+---------+-------+---------+---------+-------
        D:1 |      47 |       0 |   0.0 |      25 |       0 |   0.0
        D:2 |      70 |       0 |   0.0 |      24 |       0 |   0.0
        D:3 |      18 |      18 |  50.0 |      11 |       4 |  26.7
        D:4 |     539 |       0 |   0.0 |      29 |       0 |   0.0
        D:5 |     279 |       0 |   0.0 |      15 |       0 |   0.0
        D:6 |     910 |       0 |   0.0 |       5 |       0 |   0.0
    Ossuary |       0 |     420 | 100.0 |       0 |      40 | 100.0
            +---------+---------+-------+---------+---------+-------
